Map: Miner Evacuation

Players

monk

  • Race: Zerg Zerg
  • Spawn Location: 7:00

sTkmonk

  • Race: Terran Terran
  • Spawn Location: 7:00

VOD

Have the link to the VOD?

Description

Time

  • Played on: Dec. 4, 2017, 2:10 a.m.
  • Length: 27:52
Show
View Real Time Build Order
Export as new Build Order

monk Zerg 

Build Orders:  

Get SALT Encoding   

  6  0:11  Drone x2  
  7  0:22  Drone x2  
  8  0:30  Drone x2  
  9  0:42  Extractor  
  9  0:43  Drone x2  
  9  0:50  Drone x2  
  10  1:14  Spawning Pool  
  10  1:18  Extractor  
  9  1:22  Drone x2  
  10  1:30  Drone x2  
  11  1:45  Baneling Nest  
  11  1:51  Drone x2  
  11  1:56  Drone x2  
  13  2:06  Drone x2  
  14  2:19  Evolution Chamber  
  13  2:29  Lair  
  13  2:47  Overlord  
  14  2:51  Overlord  
  14  2:59  Heroic Fortitude  
  17  3:29  Corrosive Acid  
  17  3:34  Drone x4  
  21  3:59  Medusa Blades  
  23  4:34  Hatchery  
  23  4:38  Hatchery  
  22  4:48  Centrifical Hooks  
  24  5:09  Hatchery  
  26  5:24  Hatchery  
  25  6:11  Zerg Melee Weapons Level 1  
  18  6:34  Drone x2  
  18  6:36  Drone x2  
  22  7:00  Swarmling x9  
  22  7:01  Swarmling x3  
  28  7:11  Hatchery  
  28  7:12  Hive  
  28  7:13  Extractor  
  28  7:15  Extractor  
  28  7:16  Scourge Nest, Metabolic Boost  
  28  7:46  Drone x8  
  28  7:48  Drone x2  
  35  7:55  Drone x2  
  35  7:56  Drone x2  
  37  8:09  Drone x4  
  39  8:16  Hardened Carapace  
  41  8:29  Drone x6  
  43  8:42  Overseer  
  44  9:05  Simplified Genome  
  44  9:06  Zerg Melee Weapons Level 2  
  44  9:16  Adrenal Overload  
  41  9:38  Roach x8  
  41  9:39  Roach x12  
  29  10:17  Swarmling x21  
  29  10:18  Virulent Spores  
  43  10:20  Overlord x2, Swarmling x3  
  43  10:21  Overlord, Swarmling x3  
  43  10:22  Swarmling x3  
  42  10:47  Drone x2  
  45  10:51  Shredding Claws  
  45  11:04  Swarmling x3  
  45  11:05  Swarmling x54  
  45  11:06  Swarmling x6  
  81  11:58  Overseer  
  71  12:19  Zerg Melee Weapons Level 3  
  36  12:20  Overlord x2  
  36  12:29  Swarmling x3  
  46  12:30  Swarmling x54  
  64  12:42  Roach x14  
  64  12:43  Roach x6  
  63  13:27  Drone x6  
  63  13:28  Drone x2  
  62  13:56  Swarmling x3  
  64  14:01  Rupture  
  63  14:14  Spine Crawler  
  63  14:15  Spine Crawler  
  63  14:20  Spine Crawler  
  63  14:22  Spore Crawler  
  63  14:23  Spine Crawler  
  63  14:24  Swarmling x3  
  63  14:25  Spore Crawler, Swarmling x27  
  63  14:26  Swarmling x36  
  63  14:27  Scourge x2  
  63  14:28  Scourge x10  
  100  14:38  Spore Crawler  
  99  14:42  Spore Crawler, Spine Crawler  
  96  15:31  Scourge x2  
  96  15:32  Scourge x8  
  96  15:33  Scourge x4  
  96  15:39  Scourge x2  
  99  15:40  Scourge x2  
  99  15:49  Roach x6  
  97  15:50  Roach x12  
  97  15:51  Roach x2  
  62  16:34  Drone x6  
  62  16:35  Drone x2  
  61  16:53  Swarmling x3  
  61  16:54  Swarmling x45  
  61  16:59  Hatchery  
  78  17:01  Hatchery  
  73  18:10  Swarmling x3  
  63  18:47  Swarmling x3  
  63  18:48  Swarmling x27  
  76  18:53  Roach x14  
  76  18:54  Roach x6  
  76  18:56  Pneumatized Carapace  
  76  18:57  Overseer  
  76  18:59  Spore Crawler x2  
  75  19:00  Spore Crawler  
  75  19:01  Spore Crawler  
  75  19:05  Spine Crawler  
  75  19:08  Spine Crawler  
  73  19:14  Zerg Ground Armor Level 1  
  70  19:48  Scourge x2  
  73  19:50  Scourge x10  
  73  19:51  Scourge x6  
  81  20:00  Drone x6  
  82  20:33  Swarmling x9  
  82  20:34  Swarmling x27  
  95  21:10  Swarmling x3  
  95  21:11  Swarmling x6  
  96  21:22  Swarmling x3  
  96  21:23  Swarmling x15  
  90  21:48  Scourge x4  
  86  21:55  Scourge x2  
  86  21:56  Scourge x20  
  83  22:01  Roach x2  
  83  22:02  Roach x14  
  83  22:03  Roach x4  
  83  22:07  Overseer  
  76  22:10  Swarmling x3  
  76  22:11  Swarmling x6  
  76  22:12  Swarmling x6, Scourge x4  
  76  22:13  Swarmling x3  
  54  22:43  Swarmling x3  
  53  22:50  Swarmling x6  
  53  22:51  Swarmling x21, Scourge x12  
  53  22:52  Swarmling x3  
  53  22:53  Swarmling x30  
  53  22:54  Swarmling x21  
  98  23:12  Hatchery  
  98  23:13  Hatchery  
  98  23:18  Hatchery  
  66  24:22  Spine Crawler  
  66  24:24  Spine Crawler  
  66  24:27  Spore Crawler  
  65  24:30  Spore Crawler  
  65  24:31  Spine Crawler  
  65  24:37  Hatchery  
  63  24:46  Swarmling x3  
  63  24:47  Swarmling x18  
  63  24:48  Swarmling x51  
  90  25:50  Scourge x4  
  90  25:51  Scourge x10  
  90  25:53  Roach x14, Scourge x6  
  90  25:54  Roach x6  
  70  26:25  Aberration  
  70  26:26  Aberration x3  
  65  26:46  Aberration x2  
  60  26:57  Aberration  
  48  27:15  Aberration  
Show
View Real Time Build Order
Export as new Build Order

sTkmonk Terran 

Build Orders:  

Get SALT Encoding   

Tags
 
Add a new tag
Caveats
  • Supply blocks, unpowered buildings, or Contaminate may cause inaccurate times.
  • Supply counts are checked every 10 seconds.